 Dungeon Crawl Stone Soup version 0.28-a0-895-g6e5f11bd55 (webtiles) character file.

Game seed: 6895759641229945419

87 vurker the Gusty (level 4, -1/35 HPs)
             Began as a Demigod Air Elementalist on Nov 22, 2021.
             Slain by a hornet zombie (5 damage)
             ... on level 4 of the Dungeon.
             The game lasted 00:02:26 (3074 turns).

vurker the Gusty (Demigod Air Elementalist)         Turns: 3074, Time: 00:02:26

Health: -1/35      AC:  3    Str:  9    XL:     4   Next: 7%
Magic:  0/10       EV: 12    Int: 21    God:
Gold:   146        SH:  0    Dex: 14    Spells: 7/8 levels left

rFire   . . .      SeeInvis .   c - +0 dagger
rCold   . . .      Faith    .   (no shield)
rNeg    . . .      Spirit   .   a - +0 robe
rPois   .          Reflect  .   b - +0 helmet
rElec   .          Harm     .   (no cloak)
rCorr   .          Rampage  .   (no gloves)
Will    +....                   (no boots)
Stlth   ++........              (no amulet)
HPRegen 0.11/turn               q - ring of willpower
MPRegen 0.12/turn               (no ring)

@: no status effects
A: high mp 1, forlorn
a: no special abilities


You were on level 4 of the Dungeon.
You visited 1 branch of the dungeon, and saw 4 of its levels.

You collected 146 gold pieces.

Inventory:

Hand Weapons
 c - a +0 dagger (weapon)
   (You took it off a goblin on level 1 of the Dungeon)
Armour
 a - a +0 robe (worn)
 b - a +0 helmet (worn)
   (You found it on level 1 of the Dungeon)
Jewellery
 q - a ring of willpower (left hand)
   (You found it on level 4 of the Dungeon)
Wands
 n - a wand of charming (14)
   (You found it on level 2 of the Dungeon)
Scrolls
 d - a scroll of immolation {unknown}
 e - 3 scrolls of teleportation {unknown}
 f - a scroll of brand weapon {unknown}
 j - a scroll of noise {unknown}
 l - 2 scrolls of identify {unknown}
 p - a scroll of fear {unknown}
Potions
 g - a potion of resistance {unknown}
 h - 2 potions of curing {unknown}
 i - a potion of cancellation {unknown}
 k - a potion of attraction {unknown}
 m - a potion of lignification {unknown}
 o - a potion of magic {unknown}


   Skills:
 + Level 1.2 Fighting
 - Level 1.7 Dodging
 - Level 1.7 Stealth
 * Level 2.5 Spellcasting
 + Level 1.6 Conjurations
 * Level 3.5 Air Magic


You had 7 spell levels left.
You knew the following spells:

 Your Spells              Type           Power      Damage    Failure   Level
a - Shock                 Conj/Air       52%        1d6       4%          1

Your spell library contained the following spells:

 Spells                   Type           Power      Damage    Failure   Level
 Static Discharge         Conj/Air       13%        N/A       8%          2
 Swiftness                Air            17%        N/A       10%         3
 Airstrike                Air            8%         N/A       32%         4


Dungeon Overview and Level Annotations

Branches:
Dungeon (4/15)
 Temple: D:4-7

Shops:
D:4 *


Innate Abilities, Weirdness & Mutations

Your attributes grow dramatically as you level up.
You have an increased reservoir of magic. (+10% MP)
You shall have no god before yourself.


Message History

A worm is nearby!
Aim: a worm (asleep, 100% to hit)
The zap hits the worm.
Aim: a worm (moderately wounded, 89% to hit)
The zap hits the worm.
Aim: a worm (heavily wounded, 89% to hit)
The zap hits the worm.
Aim: a worm (almost dead, 89% to hit)
The zap hits the worm.
You kill the worm!
You can't see any susceptible monsters within range! (Use Z to cast anyway.)
You can't see any susceptible monsters within range! (Use Z to cast anyway.)
Found a stone staircase leading down.
Found a stone staircase leading down.
Found a ring mail.
A hornet zombie is nearby!
Aim: a hornet zombie (lightly damaged, wandering, hasn't noticed you, 72% to hit)
You miscast Shock.
You are very lightly contaminated with residual magic.
Nothing appears to happen.
Aim: a hornet zombie (lightly damaged, 72% to hit)
The zap misses the hornet zombie.
Aim: a hornet zombie (lightly damaged, 72% to hit)
The zap hits the hornet zombie.
The zap hits the hornet zombie.
The zap misses the hornet zombie.
Your magical contamination has completely faded away.
Okay, then.
The hornet zombie barely misses you. The hornet zombie misses you.
The zap misses the hornet zombie.
The zap hits the hornet zombie but does no damage.
The hornet zombie misses you.
The zap hits the hornet zombie.
The zap misses the hornet zombie.
The hornet zombie hits you! The hornet zombie closely misses you.
The zap misses the hornet zombie.
The zap hits the hornet zombie.
The hornet zombie misses you.
The zap hits the hornet zombie.
The zap misses the hornet zombie.
The hornet zombie closely misses you.
The zap hits the hornet zombie. x2; The hornet zombie hits you!
The hornet zombie hits you.
* * * LOW HITPOINT WARNING * * *
The zap hits the hornet zombie. x2; The hornet zombie closely misses you.
The zap hits the hornet zombie. x2; The hornet zombie closely misses you.
The zap hits the hornet zombie but does no damage.
The zap hits the hornet zombie.
The hornet zombie hits you!
* * * LOW HITPOINT WARNING * * *
Okay, then.
You hit the hornet zombie but do no damage.
The hornet zombie hits you.
You die...

.## ........## ..# ..##
.........##.# ...#
#.............#
...................#
.............##...## .
.........##..###...# ...
..............###..#>....
..............##Z.........
................@###......
......)..........# #####.
...........)...###
...............##
................#
....#..........###
....#.....##.....#
........####.....#..
.#.##.### #<.......


You could see a hornet zombie.

Vanquished Creatures
  3 adders (D:2)
  A worm (D:4)
  3 dart slugs
  3 bats
  8 endoplasms
  2 giant cockroaches (D:1)
  7 goblins
  4 hobgoblins
  6 kobolds
  4 ball pythons
  6 frilled lizards
  4 rats
51 creatures vanquished.

Vanquished Creatures (others)
  5 plants (D:2)
5 creatures vanquished.

Grand Total: 56 creatures vanquished

Notes
Turn   | Place    | Note
-------+----------+-------------------------------------------
     0 | D:1      | vurker the Demigod Air Elementalist began the quest for the
                  | Orb.
     0 | D:1      | Reached XP level 1. HP: 14/14 MP: 5/5
    24 | D:1      | Reached skill level 1 in Conjurations
   153 | D:1      | Reached XP level 2. HP: 15/20 MP: 0/7
   364 | D:1      | Reached skill level 3 in Air Magic
  1252 | D:2      | Reached XP level 3. HP: 27/27 MP: 7/9
  1658 | D:2      | Reached skill level 1 in Fighting
  2320 | D:3      | Reached XP level 4. HP: 35/35 MP: 6/10
  2617 | D:4      | Noticed a +0 dagger
  2617 | D:4      | Noticed a +0 hand axe
  2971 | D:4      | Found Izxeloym's Assorted Antiques.
  3074 | D:4      | Slain by a hornet zombie

Illustrated notes

Levels and vault maps discovered:
D:1:      evilmike_arrival_hilbert_curve, layout_basic
D:2:      layout_basic, chequers_ecumenical_altar_lobes
D:3:      layout_basic
D:4:      layout_cave_pools, dancing_weapons_uskayaw, tso_altar, temple_hall,
          serial_shops, shop

Skill      XL: |  1  2  3 |
---------------+----------+-----
Conjurations   | 1 |  1.6
Spellcasting   | 2 |  2.5
Air Magic      | 3 |  3.5
Fighting       | 1 |  1.2
Dodging        | |  1.7
Stealth        | |  1.7

Action                   |  1- 3 |  4- 6 || total
-------------------------+-------+-------++-------
Melee: Unarmed           |     2 |       ||     2
       Dagger            |    13 |     1 ||    14
 Cast: Shock             |   106 |    22 ||   128
Armor: Robe              |     1 |       ||     1
Dodge: Dodged            |    15 |    10 ||    25

Table legend: (Time is in decaauts)
 A = Elapsed time spent in this place.
 B = Non-inter-level travel time spent in this place.
 C = Inter-level travel time spent in this place.
 D = Time resting spent in this place.
 E = Time spent auto-exploring this place.
 F = Levels seen in this place.
 G = Mean time per level.
                   A        B        C        D        E       F      G
               +--------+--------+--------+--------+--------+-----+--------+
         Total |   3075 |   2970 |    105 |    483 |   2129 |   4 |  768.8 |
       Dungeon |   3075 |   2970 |    105 |    483 |   2129 |   4 |  768.8 |
               +--------+--------+--------+--------+--------+-----+--------+

Top non-repeatable levels by time:
     D:1: 1291 daAuts
     D:2: 844 daAuts
     D:3: 804 daAuts
     D:4: 135 daAuts
